AoeStats
← AiM | Fubuki Sinri

MegaRandom

509817036Analyzed
4v4 RM · 5d ago on Sep 28, 2026· 33m 51s· 8 players
Game mode
Random Map
Map size
Large (8 player)
Population
200
Speed
Normal
Resources
Standard
Victory
Conquest
Starting age
Dark Age
Ending age
Imperial Age
RankedLock teamsTeams togetherTeam positionsShared explorationLock speedFull tech treeHidden civsTurbo modeCheats
Victory
Defeat
🇲🇽 Vietnamese · Mexico
1709
+6
🇦🇷 Persians · Argentina
1606
+9
🇲🇽 Britons · Mexico
1577
+10
🇨🇱 Magyars · Chile
1240
+24
🇨🇴 Mongols · Colombia
1499
-14
🇭🇰 Persians · Hong Kong SAR China
1493
-14
🇦🇷 Hindustanis · Argentina
1410
-11
🇨🇳 Ethiopians · China
1386
-10
kenny yip
5:19 Loom
8:43 Feudal Age
9:20 Double-Bit Axe
12:21 Horse Collar
13:53 Scale Barding Armor
16:01 Forging
22:07 Bloodlines
22:53 Gold Mining
24:14 Wheelbarrow
27:44 Castle Age
28:20 Husbandry
28:42 Chain Barding Armor
28:48 Bow Saw
JairoElChigüi
4:28 Loom
9:35 Feudal Age
10:32 Double-Bit Axe
23:03 Castle Age
22:25 Wheelbarrow
22:53 Gold Mining
22:53 Stone Mining
23:18 Horse Collar
24:04 Bow Saw
24:03 Fletching
24:45 Bodkin Arrow
27:10 Padded Archer Armor
32:01 Husbandry
32:12 Bloodlines
32:53 Hand Cart
jj
6:28 Loom
9:18 Feudal Age
9:54 Double-Bit Axe
10:28 Horse Collar
21:30 Castle Age
20:01 Scale Barding Armor
20:07 Forging
20:27 Bloodlines
21:41 Light Cavalry
22:43 Chain Barding Armor
28:31 Husbandry
T - T
6:52 Loom
9:41 Feudal Age
25:23 Castle Age
24:07 Fletching
25:16 Gold Mining
26:24 Crossbowman
27:05 Elite Skirmisher
AiM | Fubuki Sinri
6:46 Loom
8:54 Feudal Age
12:22 Fletching
15:25 Double-Bit Axe
16:24 Padded Archer Armor
19:19 Horse Collar
24:53 Castle Age
24:58 Crossbowman
25:34 Bodkin Arrow
27:04 Ballistics
27:42 Wheelbarrow
29:05 Gold Mining
29:05 Stone Mining
29:34 Bow Saw
30:56 Leather Archer Armor
30:59 Heavy Plow
32:55 Gold Shaft Mining
AiM | CyclopsTron
0:46 Loom
9:49 Feudal Age
10:21 Double-Bit Axe
12:04 Fletching
17:44 Horse Collar
20:24 Padded Archer Armor
24:06 Castle Age
24:04 Gold Mining
24:42 Bodkin Arrow
24:08 Crossbowman
25:19 Bow Saw
26:08 Wheelbarrow
26:25 Town Watch
30:22 Ballistics
30:01 Stone Mining
AIM | Agua cate 98
5:25 Loom
8:00 Feudal Age
8:47 Double-Bit Axe
13:58 Horse Collar
16:33 Wheelbarrow
16:26 Forging
17:25 Scale Barding Armor
22:13 Castle Age
21:03 Bloodlines
22:24 Gold Mining
23:41 Iron Casting
22:33 Light Cavalry
28:29 Town Watch
29:05 Husbandry
31:29 Chain Barding Armor
AiM | Velatrixxx
7:53 Loom
9:48 Feudal Age
10:36 Double-Bit Axe
11:09 Horse Collar
22:36 Castle Age
20:56 Scale Barding Armor
21:51 Bloodlines
23:41 Bow Saw
25:05 Gold Mining
28:55 Chain Barding Armor
29:45 Town Watch
Connection lost

Rejoining the realm…

Still unreachable

The connection could not be restored.

Session expired

The server has moved on; the page needs a fresh start.